Map: Catalyst LE

Players

SamuraiFunn - Winner!

  • Race: Protoss Protoss
  • Spawn Location: 11:00

A.I. 1 (Elite)

  • Race: Terran Terran
  • Spawn Location: 5:00

VOD

Have the link to the VOD?

Description

Time

  • Played on: Nov. 24, 2017, 3:11 p.m.
  • Length: 10:50
Show
View Real Time Build Order
Export as new Build Order

SamuraiFunn Protoss - Winner!

Build Orders: Dark Templar Rush 

Get SALT Encoding   

  12  0:00  Probe  
  13  0:13  Probe  
  14  0:23  Pylon  
  14  0:25  Probe  
  15  0:32  Assimilator  
  15  0:41  Probe  
  16  0:47  Gateway  
  16  0:53  Probe  
  17  1:07  Probe  
  18  1:19  Probe  
  19  1:29  Pylon  
  19  1:42  Cybernetics Core  
  19  1:44  Zealot  
  21  1:49  Probe  
  21  1:52  Nexus  
  22  2:05  Probe  
  23  2:19  Adept  
  23  2:21  Pylon  
  25  2:27  Assimilator  
  25  2:28  Probe  
  26  2:36  Warp Gate (Chrono Boost)  
  26  2:40  Probe  
  27  2:45  Pylon  
  27  2:48  Assimilator  
  27  2:52  Probe  
  28  3:03  Twilight Council  
  28  3:17  Probe  
  29  3:27  Probe  
  30  3:29  Probe  
  30  3:31  Assimilator  
  31  3:39  Probe  
  32  3:47  Dark Shrine  
  32  3:50  Probe  
  32  3:51  Probe  
  34  3:57  Pylon  
  34  4:05  Probe  
  34  4:07  Gateway  
  34  4:09  Gateway  
  35  4:10  Gateway  
  35  4:23  Probe x2  
  37  4:40  Gateway  
  37  4:41  Gateway  
  37  4:45  Probe x2  
  39  4:56  Gateway  
  39  5:03  Dark Templar  
  39  5:05  Dark Templar  
  39  5:06  Dark Templar  
  45  5:07  Dark Templar  
  47  5:49  Dark Templar x4  
  55  6:02  Shadow Stride  
  55  6:03  Probe x2  
  57  6:08  Dark Templar  
  59  6:15  Probe  
  59  6:16  Probe  
  59  6:17  Dark Templar  
  55  6:45  Dark Templar x2  
  59  7:06  Dark Templar x2  
  59  7:07  Zealot x3  
  47  7:41  Dark Templar  
  47  7:42  Dark Templar x2  
  47  7:43  Zealot x3  
  55  7:50  Gateway x2  
  51  7:52  Gateway  
  51  7:54  Gateway  
  51  7:55  Probe x2  
  53  8:05  Zealot x2  
  53  8:06  Zealot x2  
  53  8:07  Probe  
  50  8:23  Charge (Chrono Boost)  
  50  8:40  Probe x2  
  50  8:41  Nexus  
  52  8:43  Assimilator  
  52  8:45  Dark Templar x3  
  52  8:48  Assimilator  
  58  8:50  Pylon  
  58  8:51  Pylon  
  58  8:52  Pylon  
  58  8:56  Dark Templar  
  58  8:57  Dark Templar  
  58  8:58  Dark Templar  
  64  9:15  Probe  
  64  9:16  Probe  
  66  9:18  Dark Templar x2  
  66  9:21  Zealot x2  
  74  9:31  Probe x2  
  74  9:34  Dark Templar  
  78  9:49  Dark Templar x2  
  78  9:51  Zealot  
  78  9:52  Zealot  
  74  10:32  Dark Templar x4  
  74  10:34  Zealot x3  
  74  10:35  Zealot x3  
Show
View Real Time Build Order
Export as new Build Order

A.I. 1 (Elite) Terran 

Build Orders: MMM Bio 

Get SALT Encoding   

  12  0:00  SCV  
  13  0:13  SCV  
  14  0:18  Supply Depot  
  14  0:25  SCV  
  15  0:40  SCV  
  16  0:43  Barracks  
  16  0:52  SCV  
  17  1:04  SCV  
  18  1:16  SCV  
  19  1:19  Command Center  
  19  1:32  Marine  
  19  1:35  Orbital Command  
  20  1:46  Supply Depot  
  20  1:50  Marine  
  20  1:51  Refinery  
  21  2:00  SCV  
  22  2:08  Marine  
  22  2:10  Barracks  
  22  2:12  SCV  
  24  2:18  Refinery  
  24  2:24  SCV  
  24  2:26  Marine  
  26  2:31  Supply Depot  
  26  2:32  SCV  
  27  2:37  SCV  
  27  2:45  Orbital Command  
  27  2:49  Marine  
  27  2:51  SCV  
  29  3:03  Factory  
  29  3:04  SCV  
  30  3:05  Marine  
  30  3:08  Marine  
  30  3:12  SCV  
  33  3:16  SCV  
  34  3:23  Marine  
  34  3:24  SCV  
  34  3:26  Marine  
  37  3:28  SCV  
  37  3:30  Barracks  
  38  3:36  SCV  
  38  3:40  SCV  
  40  3:41  Barracks Tech Lab  
  40  3:45  Barracks Tech Lab  
  40  3:48  SCV  
  40  3:50  Starport, Factory Tech Lab  
  40  3:52  SCV  
  42  3:59  Marine  
  42  4:01  SCV  
  44  4:03  Marine, Stimpack  
  44  4:04  SCV  
  44  4:05  Combat Shields  
  46  4:10  Supply Depot  
  46  4:15  SCV  
  46  4:16  SCV  
  48  4:17  Marine  
  48  4:21  Marine  
  48  4:22  Marine  
  51  4:29  Medivac  
  53  4:32  SCV x2  
  53  4:35  Marine, Supply Depot  
  53  4:38  Supply Depot  
  56  4:39  Marine  
  56  4:44  Marine  
  58  4:48  SCV x2  
  60  4:53  Marauder  
  60  4:57  Marauder  
  60  4:59  Medivac  
  66  5:01  Supply Depot  
  66  5:02  Marine  
  66  5:03  SCV  
  66  5:04  Refinery  
  66  5:05  SCV  
  69  5:08  Refinery  
  69  5:14  Marauder  
  69  5:16  SCV  
  69  5:17  SCV  
  69  5:18  Marauder  
  69  5:19  Ghost Academy  
  75  5:25  Supply Depot  
  75  5:28  SCV  
  75  5:29  SCV  
  73  5:40  SCV  
  73  5:41  SCV  
  69  5:50  Ghost  
  69  5:52  SCV  
  69  5:53  SCV  
  69  6:03  Marine  
  66  6:04  SCV  
  66  6:05  SCV, Marine  
  66  6:06  Starport Tech Lab  
  63  6:16  SCV  
  63  6:17  SCV  
  56  6:19  Marine  
  56  6:21  Marine  
  56  6:23  Raven  
  56  6:24  Marauder  
  50  6:28  SCV  
  50  6:29  SCV  
  49  6:36  Marine  
  49  6:39  Marine  
  42  6:45  Marauder  
  44  6:51  SCV  
  44  6:54  Marine  
Tags
 
Composition
MMM Bio
Matchup
PvT
Replay Pack
First 100 games
Spawn Locations
Cross Positions
Add a new tag
Caveats
  • Supply blocks, unpowered buildings, or Contaminate may cause inaccurate times.
  • Supply counts are checked every 10 seconds.